 Dungeon Crawl Stone Soup version 0.31-a0-934-gf4fcaacff8 (webtiles) character file.

Game seed: 6234650232957539758

3109 LorgeJukas the Thaumaturge (level 10, -1/60 HPs)
             Began as a Djinni Fire Elementalist on Oct 20, 2023.
             Was an Initiate of Qazlal.
             Killed from afar by an electric eel (13 damage)
             ... with a bolt of electricity
             ... in a bailey.
             The game lasted 01:56:19 (7516 turns).

LorgeJukas the Thaumaturge (DjFE)                   Turns: 7516, Time: 01:56:20

Health: -1/60      AC: 13    Str:  7    XL:     10   Next: 13%
Gold:   547        EV:  9    Int: 20    God:    Qazlal [......] SH:  5 Dex: 15

rFire   + + .        D - +4 trident (drain)
rCold   . . .        e - orb {mayhem}
rNeg    . . .        F - +7 Kryia's mail coat {PotionHeal*2 rC+}
rPois   ∞            (no helmet)
rElec   .            (no cloak)
rCorr   .            (no gloves)
SInv    +            (boots unavailable)
Will    +....        x - amulet of reflection
Stlth   +            d - ring of poison resistance
HPRegen 0.30/turn    (no ring)
MPRegen 0.00/turn

%: mayhem, reflection, infuse magic (-2 HP)
@: flying, hasted, very quick
A: sickness immunity, fire resistance 2, cold vulnerability 1, float, innate
caster, HP casting, extra vitality 1, see invisible
a: Renounce Religion


You were in a bailey.
You worshipped Qazlal.
Qazlal was noncommittal.
You visited 2 branches of the dungeon, and saw 8 of its levels.
You also visited: Bailey.

You collected 547 gold pieces.

Inventory:

Hand Weapons
 f - a +1 dagger of venom
 g - a +0 dagger of venom
 h - a +0 flail of draining
 q - a +1 whip of holy wrath
 t - a +2 dagger of draining
 u - a +2 spear of flaming
 D - a +4 trident of draining (weapon)
Missiles
 m - 2 boomerangs
Armour
 a - an orb of wrath
 b - a +2 animal skin
 e - an orb of mayhem (worn)
 l - a +3 ring mail
 E - an orb of energy
 F - the +7 Kryia's mail coat (worn) {PotionHeal*2 rC+}
   (You found it on level 6 of the Dungeon)

   PotionHeal*2: Potions heal its wearer twice as much.
   rC+:       It protects you from cold.
Jewellery
 d - a ring of poison resistance (left hand)
 n - a ring of flight
 x - an amulet of reflection (around neck)
Talismans
 v - a beast talisman
Wands
 j - a wand of flame (35)
 p - a wand of paralysis (6)
Scrolls
 c - 2 scrolls of teleportation
 i - a scroll of amnesia
 k - a scroll of immolation
 r - a scroll of fear
 s - 3 scrolls of enchant armour
 y - a scroll of silence {unknown}
Potions
 w - 2 potions of haste
 z - a potion of might
 A - a potion of degeneration {unknown}
 B - a potion of berserk rage {unknown}
 C - a potion of invisibility {unknown}
 G - a potion of magic {unknown}
 H - a potion of resistance {unknown}


   Skills:
 * Level 3.1 Armour
 - Level 5.2 Dodging
 - Level 2.2 Stealth
 - Level 9.0 Spellcasting
 - Level 9.0 Conjurations
 - Level 9.0 Hexes
 - Level 9.0 Summonings
 - Level 9.0 Necromancy
 - Level 9.0 Translocations
 - Level 9.0 Transmutations
 - Level 9.0 Fire Magic
 - Level 9.0 Ice Magic
 - Level 9.0 Air Magic
 - Level 9.0 Earth Magic
 - Level 9.0 Poison Magic
 - Level 3.0 Invocations
 - Level 3.0 Evocations


You knew the following spells:

 Your Spells              Type           Power      Damage    Failure   Level
a - Foxfire               Conj/Fire      100%       2x1d9     1%          1
b - Scorch                Fire           90%        2d8       3%          2
c - Volatile Blastmotes   Fire/Tloc      90%        2d17      6%          3
d - Inner Flame           Hex/Fire       45%        N/A       6%          3
e - Flame Wave            Conj/Fire      45%        2d12      21%         4
f - Sandblast             Erth           90%        2d19      1%          1
g - Jinxbite              Hex            90%        N/A       3%          2
h - Sigil of Binding      Hex            45%        N/A       6%          3
i - Dazzling Flash        Conj/Hex       90%        N/A       6%          3
Your spell library was empty.

Dungeon Overview and Level Annotations

Branches:
Dungeon (7/15)             Temple (1/1) D:7          Bailey (1/1)

Altars:
Ashenzari
Cheibriados
Dithmenos
Fedhas
Gozag
Hepliaklqana
Okawaru
Qazlal
Ru
Trog
Uskayaw
Wu Jian
Xom
Yredelemnul
Zin
The Shining One

Annotations:
Temple 2 transporters


Innate Abilities, Weirdness & Mutations

You are immune to sickness and miasma.
You are immune to poison.
Your flesh is very heat resistant. (rF++)
You are vulnerable to cold. (rC-)
You float through the air rather than walking.
You learn spells naturally, not from books.
Your magical power is your life essence.
You have superior vitality. (+4 MHP)
You have supernaturally acute eyesight. (SInv)


Message History

Casting: Scorch (safe; 3% risk of failure)
Press: ? - help, Q - select action, (/) - cycle Dir - look around, f - activate Look: a goblin, wielding a +0 hand axe and wearing a +3 leather armour (flame, fast, strong, frenzied and wild) Nothing appears to happen.
The goblin is engulfed in blazing flames.
You kill the goblin!
Qazlal accepts your kill.
A hobgoblin comes into view. It is wielding a +0 hand axe.
Unknown command.
The hobgoblin shouts!
You hear a shout!
An electric eel comes into view.
The electric eel shoots out a bolt of lightning at you!
The bolt of electricity hits you!
The electric eel shoots out a bolt of lightning at you!
The bolt of electricity hits you!
The electric eel shoots out a bolt of lightning at you!
The bolt of electricity hits you!
* * * LOW HITPOINT WARNING * * *
The +7 Kryia's mail coat enhances the healing.
You feel better.
You feel yourself speed up.
An electric eel comes into view.
The electric eel shoots out a bolt of lightning at you!
The bolt of electricity hits you!
Okay, then.
Okay, then.
As you read the scroll of teleportation, it crumbles to dust.
You feel strangely unstable.
Unknown command.
The electric eel shoots out a bolt of lightning at you!
The bolt of electricity hits you.
The electric eel shoots out a bolt of lightning at you!
The bolt of electricity hits you!
* * * LOW HITPOINT WARNING * * *
Okay, then.
Your surroundings suddenly seem different.
An electric eel comes into view.
The electric eel shoots out a bolt of lightning at you!
The bolt of electricity hits you!
You die...

#≈≈≈≈≈≈≈≈######~~))...)~~~#
#≈≈≈≈≈≈≈≈# #....)......#
#≈≈≈≈≈≈≈≈# #####)''#####
#≈≈≈≈≈≈≈≈# '.....'
#≈≈≈≈≈≈≈≈# +.....'
#≈≈≈≈≈≈≈≈#+# #..⌠..#.
#≈≈≈≈≈≈≈≈~.# #.....#
#≈≈≈≈≈≈≈≈~.# #.....#
#≈≈≈≈≈≈≈≈~@# #######
#≈≈≈≈≈≈≈≈~.# #≈≈≈≈≈≈≈≈~.#
#≈≈≈≈≈≈≈≈~.# #≈≈≈≈≈≈≈≈~.#
#≈≈≈≈≈≈≈≈~.# #≈≈≈≈S≈≈≈~.#
#≈≈≈≈≈≈≈≈~.# ≈≈≈≈≈≈≈≈~.#


You could see an electric eel.

Vanquished Creatures
  A two-headed ogre (D:5)
  Jeremiah (D:6)
  Grinder (D:6)
  Sigmund (D:4)
  A black bear (D:4)
  An ogre (D:7)
  4 ice beasts
  4 bullfrogs
  3 scorpions
  3 jellies
  2 hounds
  3 orc priests
  Natasha (twice) (D:3)
  5 iguanas (D:5)
  4 orc wizards
  Robin (D:2)
  11 gnolls
  8 adders
  2 white imps
  2 ufetubi (D:6)
  2 worms (D:2)
  A dart slug (D:2)
  28 orcs
  5 endoplasms
  5 giant cockroaches
  16 goblins
  10 hobgoblins
  A jackal (D:4)
  6 quokkas
  6 ball pythons
  7 bats
  2 frilled lizards (D:2)
  6 kobolds
  4 rats
159 creatures vanquished.

Vanquished Creatures (collateral kills)
  An orc wizard (D:7)
  2 gnolls
  An adder (D:6)
  3 orcs
  An endoplasm (D:4)
  A hobgoblin (D:4)
9 creatures vanquished.

Vanquished Creatures (others)
  An orc (D:5)
  96 foxfires
97 creatures vanquished.

Grand Total: 265 creatures vanquished

Notes
Turn   | Place    | Note
-------+----------+-------------------------------------------
     0 | D:1      | LorgeJukas the Djinni Fire Elementalist began the quest for
                  | the Orb.
     0 | D:1      | LorgeJukas set off with the following spells memorised:
                  | Foxfire, Scorch, Volatile Blastmotes, Inner Flame, Flame
                  | Wave.
     0 | D:1      | Reached XP level 1. HP: 15/15 MP: 0/0
   258 | D:1      | Found a faded altar of an unknown god.
   295 | D:1      | Reached XP level 2. HP: 19/21 MP: 0/0
   520 | D:1      | Reached XP level 3. HP: 23/25 MP: 0/0
   520 | D:1      | Learned a level 1 spell: Sandblast
   857 | D:2      | Noticed Robin
  1009 | D:2      | Killed Robin
  1131 | D:2      | Reached XP level 4. HP: 27/31 MP: 0/0
  2060 | D:3      | Noticed a bullfrog
  2184 | D:2      | Reached XP level 5. HP: 27/35 MP: 0/0
  2184 | D:2      | Learned a level 2 spell: Jinxbite
  2390 | D:2      | Killed a bullfrog
  2391 | D:2      | Reached XP level 6. HP: 19/40 MP: 0/0
  2773 | D:3      | Found a glowing golden altar of the Shining One.
  2819 | D:3      | Gained mutation: You have supernaturally acute eyesight.
                  | (SInv) [potion of mutation]
  2885 | D:3      | Noticed Natasha
  2889 | D:3      | Killed Natasha
  3188 | D:3      | Noticed Natasha
  3204 | D:3      | Killed Natasha
  3418 | D:4      | Noticed Sigmund
  3418 | D:4      | Found a shadowy altar of Dithmenos.
  3523 | D:4      | Reached XP level 7. HP: 28/45 MP: 0/0
  3523 | D:4      | Learned a level 3 spell: Sigil of Binding
  3531 | D:4      | Reached skill level 5 in Dodging
  3639 | D:4      | Reached skill level 5 in Spellcasting
  3639 | D:4      | Reached skill level 5 in Conjurations
  3639 | D:4      | Reached skill level 5 in Hexes
  3639 | D:4      | Reached skill level 5 in Summonings
  3639 | D:4      | Reached skill level 5 in Necromancy
  3639 | D:4      | Reached skill level 5 in Translocations
  3639 | D:4      | Reached skill level 5 in Transmutations
  3639 | D:4      | Reached skill level 5 in Fire Magic
  3639 | D:4      | Reached skill level 5 in Ice Magic
  3639 | D:4      | Reached skill level 5 in Air Magic
  3639 | D:4      | Reached skill level 5 in Earth Magic
  3639 | D:4      | Reached skill level 5 in Poison Magic
  3848 | D:4      | Found a blossoming altar of Fedhas.
  3855 | D:4      | Became a worshipper of Fedhas Madash
  4228 | D:4      | Killed Sigmund
  4229 | D:4      | Reached XP level 8. HP: 26/50 MP: 0/0
  4398 | D:5      | Entered Level 5 of the Dungeon
  4824 | D:5      | Reached * piety under Fedhas
  4986 | D:5      | Noticed a two-headed ogre
  4995 | D:5      | Killed a two-headed ogre
  4996 | D:5      | Reached XP level 9. HP: 50/55 MP: 0/0
  4996 | D:5      | Learned a level 3 spell: Dazzling Flash
  5275 | D:5      | Reached skill level 1 in Invocations
  5275 | D:5      | Reached skill level 1 in Evocations
  5380 | D:5      | Found a hazy altar of Hepliaklqana.
  5696 | D:6      | Noticed Grinder
  5697 | D:6      | Paralysed by Grinder for 5 turns
  5715 | D:6      | Killed Grinder
  5840 | D:6      | Noticed Jeremiah
  5848 | D:6      | Killed Jeremiah
  6400 | D:6      | Found the +7 Kryia's mail coat {PotionHeal*2 rC+}
  6864 | D:7      | Found a hide-covered altar of Uskayaw.
  7052 | D:7      | Reached skill level 1 in Armour
  7052 | D:7      | Reached XP level 10. HP: 44/60 MP: 0/0
  7134 | D:7      | Found a staircase to the Ecumenical Temple.
  7175 | Temple   | Found a transporter.
  7175 | Temple   | Found a transporter.
  7175 | Temple   | Found a transporter.
  7175 | Temple   | Found a transporter.
  7175 | Temple   | Entered the Ecumenical Temple
  7197 | Temple   | Fell from the grace of Fedhas
  7197 | Temple   | Became a worshipper of Qazlal Stormbringer
  7332 | D:7      | Found an ornate altar of the Wu Jian Council.
  7409 | D:7      | Found a flagged portal.
  7445 | Bailey   | Entered a bailey
  7516 | Bailey   | Killed from afar by an electric eel

Illustrated notes

Levels and vault maps discovered:
D:1:      dpeg_arrival_tiny_d, layout_rooms, hellmonk_ecumenical_altar_lost_god,
          nicolae_twisty_statue_hallways
D:2:      layout_loops_ring, minmay_misc_feat_room, dk_noncrumbling_3,
          uniq_robin
D:3:      layout_rooms, mainiacjoe_overflow_cross_hatched,
          mainiacjoe_overflow_concentric_impassable, serial_bayou_pond_d,
          uniq_natasha
D:4:      minmay_inner_zag, layout_basic,
          nicolae_dithmenos_through_a_glass_darkly,
          mainiacjoe_overflow_chevrons, uniq_sigmund
D:5:      layout_cave_pools, worldfamousw_hep_ancestral_shrine,
          serial_bayou_pond_e
D:6:      layout_basic, uniq_jeremiah, uniq_grinder
D:7:      layout_gridville, nicolae_wu_jian_wuxing_cycle, amcnicky_altar_gilded,
          minmay_temple_entry_ruins, enter_bailey_2
Temple:   hellmonk_temple_divided_pantheon
Bailey:   bailey_axe_of_yendor_kennysheep, bailey

Skill      XL: |  1  2  3  4  5  6  7  8  9 10 |
---------------+-------------------------------+-----
Spellcasting   | 4 6 8 9 |  9.0
Conjurations   | 4 6 8 9 |  9.0
Hexes          | 4 6 8 9 |  9.0
Summonings     | 4 6 8 9 |  9.0
Necromancy     | 4 6 8 9 |  9.0
Translocations | 4 6 8 9 |  9.0
Transmutations | 4 6 8 9 |  9.0
Fire Magic     | 4 6 8 9 |  9.0
Ice Magic      | 4 6 8 9 |  9.0
Air Magic      | 4 6 8 9 |  9.0
Earth Magic    | 4 6 8 9 |  9.0
Poison Magic   | 4 6 8 9 |  9.0
Stealth        | 2 |  2.2
Dodging        | 3 4 5 |  5.2
Invocations    | 3 |  3.0
Evocations     | 3 |  3.0
Armour         | 1 3 |  3.1

Action                     |  1- 3 |  4- 6 |  7- 9 | 10-12 || total
---------------------------+-------+-------+-------+-------++-------
  Melee: Dagger            |       |    10 |     2 |       ||    12
         Spear             |       |       |     7 |       ||     7
         Trident           |       |       |     2 |       ||     2
  Throw: Throwing net      |       |       |     1 |       ||     1
   Cast: Foxfire           |    33 |    31 |       |       ||    64
         Scorch            |     9 |    74 |    88 |    22 ||   193
         Sandblast         |     6 |     3 |       |       ||     9
         Volatile Blastmot |       |     2 |     1 |       ||     3
         Inner Flame       |       |       |    13 |     2 ||    15
         Jinxbite          |       |       |     3 |       ||     3
         Flame Wave        |       |       |     5 |       ||     5
  Evoke: Wand              |       |       |     7 |       ||     7
    Use: Potion            |     2 |     2 |     4 |     2 ||    10
         Scroll            |       |     5 |     4 |     1 ||    10
 Armour: Robe              |    12 |       |       |       ||    12
         Animal skin       |     1 |    29 |    33 |       ||    63
         Scale mail        |       |       |     7 |    10 ||    17
  Dodge: Dodged            |    13 |    46 |    34 |       ||    93
  Block: Orb               |       |       |     5 |     1 ||     6
         Reflection        |       |       |       |     1 ||     1

Table legend: (Time is in decaauts)
 A = Elapsed time spent in this place.
 B = Non-inter-level travel time spent in this place.
 C = Inter-level travel time spent in this place.
 D = Time resting spent in this place.
 E = Time spent auto-exploring this place.
 F = Levels seen in this place.
 G = Mean time per level.
                   A        B        C        D        E       F      G
               +--------+--------+--------+--------+--------+-----+--------+
         Total |   7508 |   7505 |      3 |   2363 |   1171 |   9 |  834.2 |
       Dungeon |   7406 |   7403 |      3 |   2363 |   1171 |   7 | 1058.0 |
        Temple |     37 |     37 |      0 |      0 |      0 |   1 |   37.0 |
        Bailey |     64 |     64 |      0 |      0 |      0 |   1 |   64.0 |
               +--------+--------+--------+--------+--------+-----+--------+

Top non-repeatable levels by time:
     D:2: 1631 daAuts
     D:4: 1543 daAuts
     D:6: 1296 daAuts
     D:1: 859 daAuts
     D:5: 777 daAuts
     D:3: 752 daAuts
     D:7: 545 daAuts
  Bailey: 64 daAuts
  Temple: 37 daAuts
